 Dungeon Crawl Stone Soup version 0.31.0-9-g3a7656b989 (webtiles) character file.

Game seed: 66589362896925673

58 qw the Shooter (level 3, -1/20 HPs)
             Began as a Deep Elf Hunter on Feb 2, 2024.
             Slain by an orc
             ... wielding a +0 club
              (5 damage)
             ... on level 3 of the Dungeon.
             The game lasted 00:00:04 (1441 turns).

qw the Shooter (Deep Elf Hunter)                    Turns: 1441, Time: 00:00:04

Health: -1/20      AC:  3    Str: 10    XL:     3   Next: 76%
Magic:  5/5        EV: 12    Int: 13    God:
Gold:   69         SH:  0    Dex: 18    Spells: 2/2 levels left

rFire   . . .        d - +0 arbalest
rCold   . . .        (shield currently unavailable)
rNeg    + . .        c - +0 leather armour
rPois   .            (no helmet)
rElec   .            (no cloak)
rCorr   .            (no gloves)
SInv    .            (no boots)
Will    +....        (no amulet)
Stlth   ++           a - ring of willpower
HPRegen 0.23/turn    b - ring of positive energy
MPRegen 0.09/turn

%: no passive effects
@: about to teleport
A: no striking features
a: no special abilities


You were on level 3 of the Dungeon.
You visited 1 branch of the dungeon, and saw 3 of its levels.

You collected 69 gold pieces.


   Skills:
 - Level 1.5 Fighting
 + Level 7.2 Ranged Weapons
 - Level 2.4 Dodging
 - Level 1.2 Stealth


You had 2 spell levels left.
You didn't know any spells.
Your spell library was empty.

Inventory:

Hand Weapons
 d - a +0 arbalest (weapon)
Armour
 c - a +0 leather armour (worn)
 i - a +0 ring mail
Jewellery
 a - a ring of willpower (left hand)
 b - a ring of positive energy (right hand)
Scrolls
 e - 2 scrolls of identify
 f - a scroll of teleportation
 j - a scroll of enchant weapon {unknown}
Potions
 g - a potion of mutation {unknown}
 h - a potion of brilliance {unknown}

Dungeon Overview and Level Annotations

Branches:
Dungeon (3/15)

Altars:


Message History

An adder comes into view.
You shoot a bolt. The bolt hits the adder!
You kill the adder!
j - a scroll labelled TEUNNO SUCLE You now have 69 gold pieces (gained 10).
You hear the slow rusting of a drain very nearby.
An orc comes into view. It is wielding a +0 hand axe.
You shoot a bolt. The bolt hits the orc.
The orc shouts!
The orc is severely wounded.
An orc comes into view. It is wielding a +0 hand axe.
You shoot a bolt. The orc shouts!
The bolt hits the orc but does no damage.
The orc is severely wounded.
An orc comes into view. It is wielding a +0 club.
You shoot a bolt. The bolt closely misses the orc.
The orc shouts!
You shoot a bolt.
The bolt hits the orc but does no damage.
The orc is severely wounded.
You shoot a bolt. The bolt barely misses the orc.
The bolt hits the orc!
You kill the orc!
The orc hits you with a +0 hand axe. x2
You shoot a bolt.
The bolt hits the orc but does no damage.
The orc is severely wounded.
The orc hits you with a +0 hand axe.
You shoot a bolt. The bolt barely misses the orc.
The orc hits you with a +0 hand axe. The orc hits you with a +0 club.
The orc completely misses you.
1440 ||| READING 2 scrolls of teleportation.
As you read the scroll of teleportation, it crumbles to dust.
You feel strangely unstable. The orc barely misses you.
The orc hits you but does no damage.
You shoot a bolt. The bolt hits the orc.
The orc is severely wounded.
The orc barely misses you. The orc hits you but does no damage. x2
The orc hits you with a +0 club.
You die...

##################
#@................
......oo################
.....)... .######### ..
######### #. .....:...
#..#.##.####
###..#.##.###
...........#


You could see 2 orcs.

Vanquished Creatures
  An adder (D:3)
  3 dart slugs
  An orc (D:3)
  5 endoplasms
  3 giant cockroaches
  2 goblins
  4 hobgoblins
  7 kobolds
  2 ball pythons
  5 bats
  A frilled lizard (D:1)
  8 rats
42 creatures vanquished.

Notes
Turn   | Place    | Note
-------+----------+-------------------------------------------
     0 | D:1      | qw the Deep Elf Hunter began the quest for the Orb.
     0 | D:1      | Reached XP level 1. HP: 12/12 MP: 3/3
     0 | D:1      | 0 ||| qw: Version: 0.3-a-155-g5e7d8dd
     0 | D:1      | 0 ||| qw: Game counter: 1513
     0 | D:1      | 0 ||| qw: Melee chars always use a shield: true
     0 | D:1      | 0 ||| qw: God list: Okawaru
     0 | D:1      | 0 ||| qw: Allow faded altars: false
     0 | D:1      | 0 ||| qw: Do Orc after clearing Dungeon:15 true
     0 | D:1      | 0 ||| qw: Do second Lair branch before Depths: true
     0 | D:1      | 0 ||| qw: Lair rune preference: random
     0 | D:1      | 0 ||| qw: Goals: Normal
     0 | D:1      | 0 ||| PLANNING D:1-11
   112 | D:1      | 112 ||| SWAPPING to +0 arbalest.
   115 | D:1      | 115 ||| DROPPING +0 shortbow.
   121 | D:1      | Reached XP level 2. HP: 16/16 MP: 4/4
   126 | D:1      | Reached skill level 6 in Ranged Weapons
   628 | D:1      | 628 ||| UPGRADING to ring of willpower.
   629 | D:1      | 629 ||| READING scroll labelled KUILOTH GEOH.
   630 | D:1      | 630 ||| READING 2 scrolls labelled DEATIU CERASI.
   633 | D:1      | 633 ||| DROPPING scroll of butterflies.
   657 | D:2      | Reached XP level 3. HP: 20/20 MP: 5/5
   825 | D:2      | Reached skill level 7 in Ranged Weapons
  1300 | D:2      | Found a faded altar of an unknown god.
  1304 | D:2      | 1304 ||| UPGRADING to ring of positive energy.
  1305 | D:2      | 1305 ||| READING 2 scrolls labelled EVIHEMP QAXISI.
  1306 | D:2      | 1306 ||| READING scroll labelled IQUAN AJIEKH.
  1306 | D:2      | 1306 ||| IDENTIFYING brown potion
  1307 | D:2      | 1307 ||| DROPPING scroll of amnesia.
  1308 | D:2      | 1308 ||| DROPPING potion of attraction.
  1327 | D:3      | 1327 ||| PLANNING SEWER
  1439 | D:3      | HP: 3/20 [orc/+0 club (3)]
  1440 | D:3      | 1440 ||| READING 2 scrolls of teleportation.
  1441 | D:3      | Slain by an orc

Levels and vault maps discovered:
D:1:      minmay_arrival_arboretum_small, layout_loops_ring
D:2:      layout_basic, dreamdust_ecumenical_altar_angels_and_demons
D:3:      layout_loops_ring, tgw_trog, nicolae_overflow_hidden_temple,
          gup_sewer_entry_glass

Skill      XL: |  1  2  3 |
---------------+----------+-----
Ranged Weapons | 6 7 |  7.2
Fighting       | |  1.5
Dodging        | |  2.4
Stealth        | |  1.2

Action                     || total
---------------------------++-------
   Fire: Shortbow          ||     9
         Arbalest          ||    64
    Use: Scroll            ||     5
 Armour: Leather armour    ||    17
  Dodge: Dodged            ||    11

Table legend:
 A = Non-vault XP
 B = Vault XP
 C = Vault XP percentage of total XP
 D = Non-vault monster count
 E = Vault monster count
 F = Vault count percentage of total count
                 A         B        C        D         E       F
            +---------+---------+-------+---------+---------+-------
      Total |      84 |       0 |   0.0 |      42 |       0 |   0.0
            +---------+---------+-------+---------+---------+-------
        D:1 |      40 |       0 |   0.0 |      25 |       0 |   0.0
        D:2 |      26 |       0 |   0.0 |      14 |       0 |   0.0
        D:3 |      18 |       0 |   0.0 |       3 |       0 |   0.0
            +---------+---------+-------+---------+---------+-------
